 Dungeon Crawl Stone Soup version 0.28-a0-620-g539b0f7ac7 (webtiles) character file.

Game seed: 3294577767071188155

4797 bande the Cleaver (level 10, 0/61 HPs)
             Began as a Gargoyle Fighter on Oct 6, 2021.
             Was a Follower of Okawaru.
             Slain by a death yak (14 damage)
             ... on level 7 of the Dungeon.
             The game lasted 00:15:44 (8693 turns).

bande the Cleaver (Gargoyle Fighter)                Turns: 8693, Time: 00:15:45

Health: 0/61       AC: 24    Str: 21    XL:     10   Next: 48%
Magic:  10/10      EV:  8    Int:  9    God:    Okawaru [*.....]
Gold:   462        SH:  0    Dex: 11    Spells: 9/9 levels left

rFire   . . .      SeeInvis .   a - +1 war axe
rCold   . . .      Faith    .   c - +0 buckler
rNeg    + . .      Spirit   .   k - +0 chain mail
rPois   ∞          Reflect  .   j - +0 helmet
rElec   +          Harm     .   q - +0 cloak
rCorr   .          Rampage  .   (no gloves)
Will    .....                   (no boots)
Stlth   ..........              (no amulet)
HPRegen 0.20/turn               e - +4 ring of protection
MPRegen 0.12/turn               i - +4 ring of slaying

@: confused, ambrosia-drunk
A: sickness immunity, AC +7, negative energy resistance 1, electricity
resistance, torment resistance 1, petrification resistance
a: Renounce Religion, Heroism


You were on level 7 of the Dungeon.
You worshipped Okawaru.
Okawaru was aware of your devotion.
You visited 2 branches of the dungeon, and saw 9 of its levels.
You also visited: Ossuary.

You collected 462 gold pieces.

Inventory:

Hand Weapons
 a - a +1 war axe (weapon)
 d - a +1 morningstar of flaming
 t - a +0 war axe
 w - the +3 long sword "Qegi" {flame, Dex+6}
   (You found it on level 4 of the Dungeon)

   It burns those it strikes, dealing additional fire damage.
   Big, fiery blades are also staple armaments of hydra-hunters.
   Dex:       It affects your dexterity (+6).
Armour
 c - a +0 buckler (worn)
 j - a +0 helmet (worn)
 k - a +0 chain mail (worn)
 q - a +0 cloak (worn)
Jewellery
 e - a +4 ring of protection (left hand)
 g - a ring of wizardry
 i - a +4 ring of slaying (right hand)
 p - a ring of wizardry
 F - a ring of protection from cold
Wands
 r - a wand of charming (4)
 x - a wand of iceblast (18)
Scrolls
 l - 3 scrolls of blinking
 m - a scroll of teleportation
 o - a scroll of enchant weapon
 u - a scroll of fear
 v - 3 scrolls of amnesia
 y - 5 scrolls of identify
 C - a scroll of magic mapping
Potions
 f - 2 potions of resistance
 h - a potion of flight
 s - a potion of magic
 z - a potion of brilliance
 B - 2 potions of invisibility
 D - a potion of mutation {unknown}
 E - 2 potions of curing
 G - a potion of heal wounds


   Skills:
 + Level 6.8 Fighting
 + Level 9.9 Axes
 + Level 7.5 Armour
 - Level 0.1 Stealth
 + Level 5.2 Shields
 * Level 5.1 Evocations


You had 9 spell levels left.
You didn't know any spells.
Your spell library contained the following spells:

 Spells                   Type           Power      Damage    Failure   Level
 Ensorcelled Hibernation  Hex/Ice        0%         N/A       99%         2
 Ignite Poison            Fire/Tmut/Pois 0%         N/A       100%        3
 Mephitic Cloud           Conj/Pois/Air  0%         N/A       100%        3
 Spider Form              Tmut/Pois      0%         N/A       100%        3
 Petrify                  Tmut/Erth      0%         N/A       100%        4
 Freezing Cloud           Conj/Ice/Air   0%         6-21      100%        5
 Irradiate                Conj/Tmut      0%         3d13      100%        5
 Sublimation of Blood     Necr           Unusable   N/A       N/A         2

Dungeon Overview and Level Annotations

Branches:
Dungeon (8/15)             Temple (1/1) D:6            Lair (0/6) D:8
Ossuary (visited)

Altars:
Ashenzari
Cheibriados
Dithmenos
Elyvilon
Fedhas
Gozag
Hepliaklqana
Nemelex Xobeh
Okawaru
Ru
Sif Muna
Trog
Vehumet
Wu Jian
Xom
Yredelemnul
Zin
The Shining One


Innate Abilities, Weirdness & Mutations

You are immune to sickness and miasma.
Your stone body is resilient. (AC +7)
You are immune to poison.
You resist negative energy. (rN+)
You are resistant to electric shocks. (rElec)
You are resistant to unholy torment.
You are immune to petrification.


Message History

You hit the death yak. The death yak gores you. x2
You hit the death yak but do no damage.
The death yak is moderately wounded.
You hit the death yak but do no damage.
A yak comes into view.
The death yak snorts and paws the ground.
The death yak gores you but does no damage.
The death yak gores you! The death yak gores you.
The yak snorts and paws the ground.
The death yak gores you!
You see here a bullfrog corpse.
The yak snorts and paws the ground.
There is a stone staircase leading up here.
You see here a +0 morningstar.
You block the death yak's attack.
You climb upwards.
There is a stone staircase leading down here.
You hit the death yak.
The death yak is lightly wounded.
The death yak gores you but does no damage.
You hit the death yak but do no damage.
The death yak is lightly wounded.
The death yak closely misses you.
You hit the death yak but do no damage.
The death yak is lightly wounded.
The death yak gores you!
You hit the death yak.
The death yak is lightly wounded.
The death yak closely misses you.
You barely miss the death yak.
The death yak is lightly wounded.
The death yak gores you!
* * * LOW HITPOINT WARNING * * *
You barely miss the death yak.
The death yak is lightly wounded.
The death yak gores you but does no damage.
You are confused.
You feel invigorated. The death yak gores you!
You die...

#######......#............# #...
).....######..............## #...
).....# ##..............# #...
......# #..............# #...
......# ###.....####.....# #...
......# #....#.## #[....# #).†
......# #......#####'##### #...
......# #....Y..........# #...
......# #.....@.........####...
......# #....#.................
......##########.................
............# #.................
####........# #....)............
#........# #.................
#........# #..........#######
#........# #######'####
#........# #.#####


You could see a death yak.

Vanquished Creatures
  Pikel (D:4)
  Maggie (D:6)
  Grinder (D:4)
  3 yaks (D:5)
  A steam dragon (D:7)
  Menkaure (D:4)
  Duvessa (D:6)
  2 water moccasins
  A hornet zombie (D:6)
  A black bear (D:7)
  2 ice beasts
  2 sky beasts
  2 necrophages (D:5)
  4 ogres
  2 phantoms
  A kobold brigand (D:7)
  2 bullfrogs (D:8)
  Blork the orc (D:6)
  A scorpion (D:6)
  A water moccasin zombie (D:6)
  A wyvern skeleton (D:6)
  Dowan (D:6)
  3 killer bees (D:5)
  5 wights (D:6)
  2 bullfrog zombies (D:6)
  2 centaur zombies (D:6)
  2 jellies
  Crazy Yiuf (D:3)
  3 orc priests
  4 bullfrog skeletons
  3 hounds
  A centaur skeleton (D:5)
  4 iguanas
  Terence (D:2)
  An orc wizard (D:6)
  Natasha (twice) (D:2)
  A killer bee zombie (D:6)
  8 mummies (Ossuary)
  A howler monkey skeleton (D:6)
  5 adders
  4 gnolls
  A shadow imp (D:7)
  2 white imps (D:6)
  4 worms
  A dart slug (D:1)
  19 orcs
  7 ball pythons
  5 endoplasms
  3 giant cockroaches
  A gnoll zombie (Ossuary)
  5 goblins
  4 hobgoblins
  7 jackals
  11 kobolds
  6 quokkas
  4 bats
  2 frilled lizards
  5 hobgoblin zombies (Ossuary)
  A kobold zombie (Ossuary)
  An orc zombie (Ossuary)
  5 rats
180 creatures vanquished.

Vanquished Creatures (others)
  2 fungi (D:3)
  4 plants (D:3)
  A withered plant (D:6)
7 creatures vanquished.

Grand Total: 187 creatures vanquished

Notes
Turn   | Place    | Note
-------+----------+-------------------------------------------
     0 | D:1      | bande the Gargoyle Fighter began the quest for the Orb.
     0 | D:1      | Reached XP level 1. HP: 14/14 MP: 1/1
   271 | D:1      | Reached XP level 2. HP: 19/19 MP: 2/2
   447 | D:1      | Reached skill level 2 in Axes
  1189 | D:2      | Reached XP level 3. HP: 23/23 MP: 3/3
  1286 | D:2      | Noticed Natasha
  1295 | D:2      | Killed Natasha
  1502 | D:2      | Noticed Terence
  1516 | D:2      | Killed Terence
  1517 | D:2      | Reached XP level 4. HP: 21/29 MP: 4/4
  1619 | D:2      | Reached skill level 3 in Axes
  1636 | D:2      | Noticed Natasha
  1642 | D:2      | Killed Natasha
  1643 | D:2      | Reached XP level 5. HP: 29/33 MP: 5/5
  2615 | D:3      | Found a runed translucent door.
  2616 | D:3      | Noticed Crazy Yiuf
  2623 | D:3      | Killed Crazy Yiuf
  3008 | D:4      | Noticed a lemure
  3008 | D:4      | Noticed a lemure
  3008 | D:4      | Noticed a lemure
  3009 | D:4      | Noticed Pikel
  3010 | D:4      | Noticed a lemure
  3011 | D:4      | Noticed Menkaure
  3033 | D:4      | Killed Pikel
  3034 | D:4      | Reached skill level 4 in Axes
  3034 | D:4      | Reached XP level 6. HP: 22/39 MP: 6/6
  3034 | D:4      | Reached XP level 7. HP: 25/44 MP: 7/7
  3036 | D:4      | Killed Menkaure
  3037 | D:4      | Reached skill level 5 in Axes
  3037 | D:4      | Reached skill level 5 in Armour
  3275 | D:4      | Noticed Grinder
  3275 | D:4      | Paralysed by Grinder for 6 turns
  3288 | D:4      | Killed Grinder
  3404 | D:4      | Reached skill level 6 in Axes
  3404 | D:4      | Reached XP level 8. HP: 48/48 MP: 8/8
  3542 | D:4      | Identified the +3 long sword "Qegi" {flame, Dex+6}
  3743 | D:5      | Entered Level 5 of the Dungeon
  3891 | D:5      | Found a sparkling altar of Nemelex Xobeh.
  3893 | D:5      | Found a glowing golden altar of the Shining One.
  3893 | D:5      | Found a broken altar of Ashenzari.
  4018 | D:5      | Reached skill level 1 in Evocations
  4130 | D:5      | Reached skill level 5 in Fighting
  4262 | D:5      | Reached skill level 7 in Axes
  4490 | D:5      | Found a shimmering altar of Xom.
  4493 | D:5      | Found a basalt altar of Yredelemnul.
  4496 | D:5      | Found a shimmering blue altar of Sif Muna.
  4499 | D:5      | Found a white marble altar of Elyvilon.
  4828 | D:6      | Noticed Blork the orc
  4841 | D:6      | Killed Blork the orc
  4919 | D:6      | Reached XP level 9. HP: 43/54 MP: 9/9
  5305 | D:5      | Reached skill level 8 in Axes
  5646 | D:6      | Reached skill level 5 in Shields
  6223 | D:6      | Noticed Duvessa
  6224 | D:6      | Noticed Dowan
  6226 | D:6      | Noticed Maggie
  6233 | D:6      | Killed Dowan
  6243 | D:6      | Killed Duvessa
  6244 | D:6      | Killed Maggie
  6245 | D:6      | Reached skill level 9 in Axes
  6245 | D:6      | Reached XP level 10. HP: 12/60 MP: 10/10
  6537 | D:6      | Found a staircase to the Ecumenical Temple.
  6551 | Temple   | Entered the Ecumenical Temple
  6580 | Temple   | Became a worshipper of Warmaster Okawaru
  6778 | D:6      | Found a sacrificial altar of Ru.
  7127 | D:7      | Found a sand-covered staircase.
  7137 | Ossuary  | Entered an ossuary
  7705 | D:7      | Reached * piety under Okawaru
  7957 | D:7      | Reached skill level 5 in Evocations
  8612 | D:8      | Noticed a death yak
  8614 | D:8      | Noticed a death yak
  8615 | D:8      | Found a staircase to the Lair.
  8617 | D:8      | Noticed a death yak
  8693 | D:7      | Slain by a death yak

Illustrated notes

Levels and vault maps discovered:
D:1:      roderic_dead_forest, layout_loops_corners
D:2:      layout_basic, serial_bayou_pond_e, minmay_between, uniq_terence,
          uniq_natasha
D:3:      wad_woods_tower, layout_basic, uniq_crazy_yiuf_cottage
D:4:      layout_gridville, uniq_menkaure, uniq_pikel, uniq_grinder
D:5:      layout_basic, grunt_temple_overflow_cloverleaf,
          chequers_temple_overflow_statue_of_worship
D:6:      cheibrodos_quashed, layout_basic, general_overflow_altar,
          minmay_temple_entry_poolview, serial_undead, serial_undead_a,
          serial_undead_b, serial_undead_c, serial_undead_d, uniq_blork_the_orc,
          uniq_duvessa, uniq_maggie
D:7:      layout_basic, nicolae_ossuary_entry_monument, minmay_misc_feat_tiny
D:8:      layout_layer_cave, dpeg_lair_monsters, uniq_joseph
Temple:   minmay_temple_bridge_abc

Skill      XL: |  1  2  3  4  5  6  7  8  9 10 |
---------------+-------------------------------+-----
Axes           | 2 3 4 6 7 9 |  9.9
Armour         | 4 5 6 7 |  7.5
Shields        | 4 5 |  5.2
Fighting       | 4 5 6 |  6.8
Evocations     | 2 4 5 |  5.1
Stealth        | |  0.1

Action                   |  1- 3 |  4- 6 |  7- 9 | 10-12 || total
-------------------------+-------+-------+-------+-------++-------
Melee: War axe           |    72 |    84 |   250 |   148 ||   554
  Use: Scroll            |     6 |     4 |     7 |     3 ||    20
       Potion            |       |       |     3 |     1 ||     4
Armor: Scale mail        |    17 |       |       |       ||    17
       Chain mail        |    20 |    66 |   172 |    96 ||   354
Dodge: Dodged            |    26 |    25 |    95 |    49 ||   195
Block: Buckler           |    16 |    18 |    46 |    29 ||   109

Table legend: (Time is in decaauts)
 A = Elapsed time spent in this place.
 B = Non-inter-level travel time spent in this place.
 C = Inter-level travel time spent in this place.
 D = Time resting spent in this place.
 E = Time spent auto-exploring this place.
 F = Levels seen in this place.
 G = Mean time per level.
                   A        B        C        D        E       F      G
               +--------+--------+--------+--------+--------+-----+--------+
         Total |   8781 |   8550 |    231 |   1130 |   5543 |  10 |  878.1 |
       Dungeon |   8452 |   8221 |    231 |   1130 |   5323 |   8 | 1056.5 |
        Temple |     48 |     48 |      0 |      0 |     19 |   1 |   48.0 |
       Ossuary |    280 |    280 |      0 |      0 |    201 |   1 |  280.0 |
               +--------+--------+--------+--------+--------+-----+--------+

Top non-repeatable levels by time:
     D:6: 1755 daAuts
     D:5: 1436 daAuts
     D:7: 1254 daAuts
     D:1: 1006 daAuts
     D:2: 991 daAuts
     D:3: 955 daAuts
     D:4: 848 daAuts
 Ossuary: 280 daAuts
     D:8: 205 daAuts
  Temple: 48 daAuts
